 Dungeon Crawl Stone Soup version 0.15-b1-33-g66304f2 (webtiles) character file.

263 Econoterrorist the Cudgeler (level 6, -11/37 HPs)
             Began as a Gargoyle Fighter on Aug 6, 2014.
             Mangled by Prince Ribbit (13 damage)
             ... on Level 4 of the Dungeon.
             The game lasted 00:14:41 (2939 turns).

Econoterrorist the Cudgeler (Gargoyle Fighter)      Turns: 2939, Time: 00:14:41

HP -11/37        AC 14     Str 25      XL: 6   Next: 19%
MP   6/6         EV  7     Int 15      God:
Gold 203         SH 10     Dex  9      Spells:  0 memorised,  5 levels left

rFire  . . .     SeeInvis .     a - +0 flail
rCold  . . .     Clarity  .     b - +0 scale mail
rNeg   + . .     rCorr    .     c - +1 shield
rPois  +         rRot     +     (no helmet)
rElec  +         Spirit   .     t - +2 cloak {rPois}
SustAb .         Warding  .     (no gloves)
rMut   .         Stasis   .     (no boots)
Gourm  .                        (no amulet)
MR     .....                    (no ring)
                                (no ring)

@: mighty, brilliant, flying, not resistant to hostile enchantments, extremely
unstealthy
A: negative energy resistance 1, electricity resistance, unbreathing,
petrification resistance, rot immunity, AC +4
a: no special abilities


You were on level 4 of the Dungeon.
You were not hungry.

You visited 1 branch of the dungeon, and saw 4 of its levels.

You collected 203 gold pieces.

Inventory:

Hand weapons
 a - a +0 flail (weapon)
Armour
 b - a +0 scale mail (worn)
 c - a +1 shield (worn)
 t - a +2 cloak of poison resistance (worn)
Magical devices
 q - a wand of flame (5)
 u - a wand of magic darts (9)
Comestibles
 d - 2 bread rations
Scrolls
 g - 3 scrolls of enchant armour
 l - 3 scrolls of enchant weapon
 m - 3 scrolls of identify
 s - a scroll of teleportation {unknown}
Jewellery
 o - an uncursed amulet of stasis
Potions
 i - a potion of resistance {unknown}
 j - a potion of flight
 k - 2 potions of restore abilities
 n - a potion of magic {unknown}
 r - a potion of mutation {unknown}


   Skills:
 - Level 3.2 Fighting
 + Level 6.3 Maces & Flails
 - Level 3.2 Armour
 - Level 3.2 Shields


You had 5 spell levels left.
You didn't know any spells.

Dungeon Overview and Level Annotations

Branches:
Dungeon (4/15)
 Temple: D:4-7

Altars:
Vehumet

Annotations:
D:4 Prince Ribbit


Innate Abilities, Weirdness & Mutations

You are resistant to torment.
You are immune to poison.
Your stone body is very resilient (AC +4).
You resist negative energy.
You are resistant to electric shocks.
You can survive without breathing.
You are immune to petrification.
You are immune to rotting.


Message History

* * * LOW HITPOINT WARNING * * *
The jackal bites you but does no damage.
You block the jackal's attack.
Prince Ribbit blinks!
You closely miss the jackal.
The jackal is severely wounded.
You block the jackal's attack. x2
The jackal bites you but does no damage. x2
You bludgeon the jackal!!
You kill the jackal!
The jackal bites you but does no damage.
You block the jackal's attack.
Your shield and scale mail prevent you from hitting the jackal.
The jackal is severely wounded.
You block the jackal's attack. Prince Ribbit hits you!
* * * LOW HITPOINT WARNING * * *
The jackal completely misses you.
Drink which item? (? for menu, Esc to quit)
You feel clever all of a sudden.
It was a potion of brilliance.
Prince Ribbit hits you!
You die...

### [... #....
......########
.............##
..............#..
...........(.......
#.....h....#
#(...@....##
#....F.....#
#.........##
#.........#
.....####### .....
.... ...


You could see Prince Ribbit and a jackal.

Vanquished Creatures
  Crazy Yiuf (D:3)
  Ijyb (D:3)
  Natasha (twice) (D:3)
  10 adders
  4 worms (D:2)
  2 giant geckos
  An orc (D:3)
  3 ball pythons
  2 giant cockroaches
  6 goblins
  7 hobgoblins
  14 jackals
  7 kobolds
  8 bats
  3 giant newts (D:1)
  10 rats
81 creatures vanquished.

Vanquished Creatures (others)
  Natasha (D:3)
1 creature vanquished.

Grand Total: 82 creatures vanquished

Notes
Turn   | Place    | Note
--------------------------------------------------------------
     0 | D:1      | Econoterrorist, the Gargoyle Fighter, began the quest for the Orb.
     0 | D:1      | Reached XP level 1. HP: 14/14 MP: 1/1
    98 | D:1      | Reached XP level 2. HP: 12/19 MP: 2/2
   799 | D:2      | Reached XP level 3. HP: 23/23 MP: 3/3
   953 | D:2      | Reached skill level 4 in Maces & Flails
  1162 | D:2      | Reached XP level 4. HP: 26/28 MP: 4/4
  1182 | D:2      | Found a radiant altar of Vehumet.
  1769 | D:2      | Reached skill level 5 in Maces & Flails
  1769 | D:2      | Reached XP level 5. HP: 32/32 MP: 5/5
  1942 | D:3      | Noticed Ijyb
  1956 | D:3      | Killed Ijyb
  2362 | D:3      | Noticed Natasha
  2376 | D:3      | Killed Natasha
  2376 | D:3      | Reached skill level 6 in Maces & Flails
  2639 | D:3      | Noticed Crazy Yiuf
  2642 | D:3      | Paralysed by Crazy Yiuf for 2 turns
  2655 | D:3      | Killed Crazy Yiuf
  2655 | D:3      | Reached XP level 6. HP: 23/37 MP: 6/6
  2693 | D:3      | Noticed Natasha
  2703 | D:3      | Killed Natasha
  2835 | D:3      | Noticed Natasha
  2840 | D:3      | Killed Natasha
  2909 | D:4      | Noticed Prince Ribbit
  2939 | D:4      | Mangled by Prince Ribbit

Action                   |  1- 3 |  4- 6 || total
-------------------------+-------+-------++-------
Melee: Flail             |   141 |   247 ||   388
Evoke: Wand              |       |     7 ||     7
  Use: Scroll            |       |     5 ||     5
       Potion            |       |     6 ||     6
  Eat: Chunk             |       |     7 ||     7
